 Dungeon Crawl Stone Soup version 0.29.1-1-gd02db6906a (webtiles) character file.

Game seed: 9203505224920723023

81 Ivernyr the Ruffian (level 4, 0/38 HPs)
             Began as a Palentonga Berserker on Sept 17, 2022.
             Was a Follower of Trog.
             Slain by a gnoll
             ... wielding a +0 flail
              (5 damage)
             ... on level 3 of the Dungeon.
             The game lasted 00:17:21 (1929 turns).

Ivernyr the Ruffian (Palentonga Berserker)          Turns: 1929, Time: 00:17:22

Health: 0/38       AC:  9    Str: 24    XL:     4   Next: 19%
Magic:  4/4        EV:  8    Int:  8    God:    Trog [*.....]
Gold:   78         SH:  4    Dex:  9    Spells: 3/3 levels left

rFire   . . .      SeeInvis +     - Unarmed
rCold   . . .      Faith    .   (no shield)
rNeg    . . .      Spirit   .   a - +0 animal skin
rPois   .          Reflect  .   d - +0 helmet
rElec   .          Harm     .   (no cloak)
rCorr   .          Rampage  .   (no gloves)
Will    .....                   c - +0 barding
Stlth   +.........              (no amulet)
HPRegen 0.12/turn               (no ring)
MPRegen 0.09/turn               (no ring)

@: mighty, on berserk cooldown, slowed, very slow
A: large, rugged brown scales 3, see invisible, deformed body, roll 1, armoured
tail, large bone plates 1, mutation resistance 1
a: Rolling Charge, Renounce Religion, Berserk


You were on level 3 of the Dungeon.
You worshipped Trog.
Trog was aware of your devotion.
You visited 1 branch of the dungeon, and saw 3 of its levels.

You collected 78 gold pieces.

Inventory:

Armour
 a - a +0 animal skin (worn)
 c - a +0 barding (worn)
 d - a +0 helmet (worn)
Jewellery
 b - an amulet of magic regeneration
Scrolls
 g - a scroll of enchant armour {unknown}
 h - a scroll of noise {unknown}
 i - 2 scrolls of butterflies {unknown}
 j - 2 scrolls of teleportation {unknown}
 n - a scroll of magic mapping {unknown}
 o - a scroll of identify {unknown}
Potions
 f - a potion of lignification {unknown}
 k - a potion of might
 l - a potion of flight {unknown}
 m - a potion of cancellation {unknown}


   Skills:
 + Level 3.6 Fighting
 + Level 2.2 Armour
 + Level 2.2 Dodging
 + Level 3.6 Unarmed Combat


You had 3 spell levels left.
You didn't know any spells.
Your spell library contained the following spells:

 Spells                   Type           Power      Damage    Failure   Level
 Necrotise                Necr           0%         1d4       41%         1
 Vampiric Draining        Necr           0%         2d6       78%         3
 Agony                    Necr           0%         N/A       100%        5


Dungeon Overview and Level Annotations

Branches:
Dungeon (3/15)

Altars:


Innate Abilities, Weirdness & Mutations

You are completely covered in rugged brown scales. (AC +3, +7% HP)
You have supernaturally acute eyesight. (SInv)
Armour fits poorly on your strangely shaped body.
You can roll at nearby foes to attack.
You have a long armoured tail.
You are partially covered in large bone plates. (SH +4)
You are somewhat resistant to further mutation.


Message History

You kill the gnoll!
Trog accepts your kill. The gnoll hits you with a +0 whip.
You have reached level 4!
You feel clever.
You hit the gnoll but do no damage.
The gnoll is heavily wounded.
The gnoll hits you with a +0 whip.
You hit the gnoll.
You kill the gnoll!
Trog accepts your kill.
You closely miss the frilled lizard. The frilled lizard barely misses you.
The frilled lizard completely misses you.
You hit the frilled lizard.
You kill the frilled lizard!
Trog accepts your kill.
You hit the gnoll but do no damage. The gnoll hits you with a +0 flail. x2
You hit the gnoll.
The gnoll is moderately wounded.
The gnoll barely misses you. The gnoll attacks as you move away!
The gnoll hits you with a +0 flail. The gnoll hits you but does no damage.
The gnoll hits you with a +0 flail!
* * * LOW HITPOINT WARNING * * *
Okay, then.
Okay, then.
Okay, then.
It was a potion of might.
You feel very mighty all of a sudden. The gnoll hits you with a +0 flail.
* * * LOW HITPOINT WARNING * * *
You closely miss the gnoll.
The gnoll is moderately wounded.
The gnoll hits you but does no damage. The gnoll hits you with a +0 flail.
* * * LOW HITPOINT WARNING * * *
It was a potion of mutation.
You feel extremely strange.
Large bone plates grow over parts of your arms.
You feel genetically stable. The gnoll hits you with a +0 flail.
You die...

### ### ##..
..##### # ..#
#..... .#. #.#
#... .... #@###.#
.....
#.g...##...#.#
###.##).......
#.#........#
#.#........#
#.#.##...###
#.#.# ...#
.#######.#.######
.............####


You could see a gnoll.

Vanquished Creatures
  3 adders
  2 gnolls (D:3)
  A worm (D:2)
  3 bats
  3 endoplasms
  3 giant cockroaches
  2 goblins (D:1)
  2 hobgoblins
  3 quokkas (D:1)
  3 ball pythons
  2 frilled lizards
  2 kobolds (D:1)
  4 rats
33 creatures vanquished.

Notes
Turn   | Place    | Note
-------+----------+-------------------------------------------
     0 | D:1      | Ivernyr the Palentonga Berserker began the quest for the
                  | Orb.
     0 | D:1      | Reached XP level 1. HP: 19/19 MP: 1/1
   323 | D:1      | Reached XP level 2. HP: 9/25 MP: 2/2
   338 | D:1      | Found a faded altar of an unknown god.
   970 | D:2      | Reached XP level 3. HP: 23/31 MP: 3/3
  1917 | D:3      | Reached XP level 4. HP: 28/37 MP: 4/4
  1929 | D:3      | Gained mutation: You are partially covered in large bone
                  | plates. (SH +4) [potion of mutation]
  1929 | D:3      | Gained mutation: You are somewhat resistant to further
                  | mutation. [potion of mutation]
  1929 | D:3      | Slain by a gnoll

Illustrated notes

Levels and vault maps discovered:
D:1:      ncdulo_smallfort, layout_rooms, ebering_ecumenical_altar_mist,
          minmay_misc_feat_nine_boxes, glass_columns_c,
          chequers_hall_statues_wall_a, corner_web_ring
D:2:      layout_loops_ring, grunt_ministairs_11, minivault_19
D:3:      layout_loops_ring, uniq_jessica

Skill      XL: |  1  2 |
---------------+-------+-----
Armour         | 2 |  2.2
Dodging        | 2 |  2.2
Fighting       | |  3.6
Unarmed Combat | |  3.6

Action                   |  1- 3 |  4- 6 || total
-------------------------+-------+-------++-------
Melee: Unarmed           |    87 |     7 ||    94
       Tailslap          |    11 |       ||    11
       Punch             |     1 |       ||     1
Invok: Berserk           |     2 |       ||     2
 Abil: Rolling Charge    |     5 |       ||     5
  Use: Potion            |       |     2 ||     2
Armor: Animal skin       |    37 |     2 ||    39
Dodge: Dodged            |    41 |     3 ||    44
